Map: Frozen Temple

Players

tGG - Winner!

  • Race: Protoss Protoss
  • League: Master

ThisGameSuck

  • Race: Protoss Protoss
  • League: Grandmaster

VOD

Have the link to the VOD?

Description

Time

  • Played on: June 30, 2016, 1:36 p.m.
  • Length: 6:17
Show
View Real Time Build Order
Export as new Build Order

tGG Protoss - Winner!

Build Orders:  

Get SALT Encoding   

  12  0:01  Probe (Chrono Boost)  
  13  0:12  Probe (Chrono Boost)  
  14  0:21  Pylon  
  14  0:22  Probe (Chrono Boost)  
  15  0:39  Probe (Chrono Boost)  
  15  0:40  Gateway  
  17  0:50  Probe (Chrono Boost)  
  17  0:56  Assimilator  
  17  0:59  Assimilator  
  17  1:00  Probe (Chrono Boost)  
  18  1:07  Gateway  
  18  1:11  Probe (Chrono Boost)  
  19  1:23  Probe (Chrono Boost)  
  20  1:30  Cybernetics Core  
  20  1:33  Probe (Chrono Boost)  
  20  1:35  Pylon  
  21  1:46  Probe (Chrono Boost)  
  22  1:57  Probe (Chrono Boost)  
  23  2:07  Stalker x2  
  27  2:09  Warp Gate (Chrono Boost)  
  27  2:37  Stalker x2, Pylon  
  31  2:55  Mothership Core  
  33  3:02  Pylon  
  33  3:07  Stalker x2  
  37  3:20  Robotics Facility  
  37  3:23  Gateway  
  37  3:57  Pylon  
  37  4:02  Stalker x2  
  41  4:11  Observer (Chrono Boost)  
  42  4:20  Sentry  
  44  4:28  Adept  
  44  4:29  Zealot  
  52  4:32  Immortal (Chrono Boost)  
  52  4:50  Nexus  
  52  5:09  Pylon  
  52  5:18  Pylon  
  56  5:28  Immortal (Chrono Boost)  
  56  5:42  Adept x2  
  60  5:50  Stalker  
Show
View Real Time Build Order
Export as new Build Order

ThisGameSuck Protoss 

Build Orders: Phoenix Opening 

Get SALT Encoding   

  12  0:01  Probe (Chrono Boost)  
  13  0:11  Probe (Chrono Boost)  
  14  0:17  Pylon  
  14  0:22  Probe (Chrono Boost)  
  15  0:36  Probe (Chrono Boost)  
  15  0:37  Gateway  
  16  0:46  Probe (Chrono Boost)  
  16  0:47  Assimilator  
  18  0:57  Probe (Chrono Boost)  
  18  1:07  Probe (Chrono Boost)  
  18  1:10  Assimilator  
  19  1:15  Gateway  
  19  1:18  Probe (Chrono Boost)  
  20  1:27  Cybernetics Core  
  20  1:29  Probe (Chrono Boost)  
  21  1:37  Pylon  
  21  1:40  Probe (Chrono Boost)  
  23  1:58  Probe (Chrono Boost)  
  23  2:04  Stalker x2  
  23  2:05  Warp Gate (Chrono Boost)  
  27  2:09  Probe  
  28  2:19  Pylon  
  28  2:21  Mothership Core  
  30  2:32  Pylon  
  30  2:38  Sentry  
  30  2:42  Probe  
  33  2:47  Sentry  
  35  3:01  Nexus  
  35  3:04  Probe  
  36  3:12  Pylon  
  36  3:16  Probe  
  37  3:21  Robotics Facility  
  37  3:28  Probe  
  38  3:36  Twilight Council  
  38  3:40  Probe  
  39  3:47  Phoenix  
  39  3:50  Gateway  
  39  3:58  Pylon  
  38  4:03  Stalker  
  38  4:04  Stalker  
  43  4:17  Observer (Chrono Boost)  
  43  4:24  Pylon  
  43  4:28  Blink (Chrono Boost)  
  43  4:37  Stalker, Zealot  
  47  4:45  Warp Prism  
  49  4:54  Stalker  
  49  4:58  Stalker  
  53  5:02  Stalker  
  55  5:10  Pylon  
  55  5:17  Stalker  
  57  5:21  Stalker  
  59  5:32  Zealot  
  61  5:41  Stalker  
  63  5:51  Sentry  
  43  6:11  Stalker x2  
Tags
 
Add a new tag
Caveats
  • Supply blocks, unpowered buildings, or Contaminate may cause inaccurate times.
  • Supply counts are checked every 10 seconds.